General information
- name: BNet
- type: Ladder team game (AT/RT)
- host: Battle.net
- saver: fineX
map: FullScaleAssault
- players: 8
- length: 90:17
- speed: Fast
- version: 1.24 W3XP
- replay type: Public
» download(559 KB)
Players
team 1 (loser)
forfter (
blue | 38 APM | 3261 actions | 85:03)
8 Mountain King
3 Storm Bolt
3 Bash
1 Avatar
1 Thunder Clap
5 Paladin
3 Holy Light
2 Divine Shield
1 Keeper of the Grove
1 Tranquility
1 Priestess of the Moon
1 Scout
» actions
| Assign group hotkey | 39 | |
| Basic commands | 127 | |
| Build / train | 125 | |
| Enter build submenu | 32 | |
| Enter hero's abilities submenu | 20 | |
| Give item / drop item | 10 | |
| Remove unit from queue | 1 | |
| Right click | 1485 | |
| Select / deselect | 950 | |
| Select group hotkey | 228 | |
| Use ability | 244 | |
3261 total
» units
| Peasant | 18 | |
| Footman | 6 | |
| Knight | 6 | |
| Priest | 10 | |
| Spell Breaker | 1 | |
| Blue Dragon | 2 | |
| Goblin Zeppelin | 6 | |
| Blue Drake | 1 | |
| Blue Dragon Whelp | 1 | |
51 total
» upgrades
| Animal War Training | 1 | |
| Priest Training | 2 | |
| Masonry | 3 | |
| Lumber Harvesting | 2 | |
| Swords | 3 | |
| Plating | 3 | |
| Control Magic | 1 | |
| Magic Sentry | 1 | |
| Long Rifles | 1 | |
| Defend | 1 | |
| Backpack | 1 | |
| Sorceress Training | 1 | |
20 total
» buildings
| Barracks | 3 | |
| Altar of Kings | 1 | |
| Farm | 11 | |
| Keep | 1 | |
| Arcane Vault | 1 | |
| Lumber Mill | 1 | |
| Blacksmith | 1 | |
| Castle | 1 | |
| Town Hall | 2 | |
| Arcane Sanctum | 1 | |
| Scout Tower | 14 | |
| Guard Tower | 11 | |
48 total
» build order
00:29 Barracks
00:57 Altar of Kings
01:23 Farm
01:50 Farm
01:54 Farm
02:31 Farm
02:34 Farm
03:11 Keep
03:43 Barracks
04:00 Arcane Vault
04:20 Barracks
04:24 Lumber Mill
04:27 Blacksmith
05:39 Castle
05:56 Town Hall
06:25 Arcane Sanctum
09:32 Scout Tower
09:34 Scout Tower
09:35 Scout Tower
09:36 Scout Tower
10:13 Guard Tower
10:40 Guard Tower
10:42 Farm
10:43 Farm
10:44 Farm
11:50 Farm
11:51 Farm
12:47 Guard Tower
24:53 Scout Tower
24:55 Scout Tower
24:55 Scout Tower
24:56 Scout Tower
25:59 Guard Tower
26:00 Guard Tower
26:03 Scout Tower
26:03 Scout Tower
26:05 Scout Tower
26:05 Scout Tower
26:07 Scout Tower
26:07 Scout Tower
26:39 Guard Tower
26:40 Guard Tower
26:49 Guard Tower
28:29 Farm
29:27 Guard Tower
29:27 Guard Tower
62:02 Town Hall
» items
| Lesser Clarity Potion | 4 | |
| Scroll of Regeneration | 3 | |
| Potion of Healing | 3 | |
| Scroll of Town Portal | 2 | |
| Orb of Fire | 1 | |
| Staff of Teleportation | 2 | |
| Potion of Mana | 3 | |
18 total
OriginalGrim (
red | 40 APM | 3606 actions | 90:14)
7 Death Knight
3 Death Coil
3 Unholy Aura
1 Animate Dead
5 Lich
3 Frost Nova
2 Frost Armor
» actions
| Assign group hotkey | 4 | |
| Build / train | 84 | |
| Enter build submenu | 26 | |
| Enter hero's abilities submenu | 13 | |
| Give item / drop item | 1 | |
| Right click | 2556 | |
| Select / deselect | 739 | |
| Select group hotkey | 49 | |
| Use ability | 134 | |
3606 total
» units
| Acolyte | 6 | |
| Ghoul | 2 | |
| Crypt Fiend | 13 | |
| Blue Dragon Whelp | 2 | |
| Blue Drake | 2 | |
| Frost Wyrm | 22 | |
| Goblin Zeppelin | 2 | |
| Obsidian Statue | 1 | |
| Blue Dragon | 1 | |
51 total
» upgrades
| Creature Carapace | 2 | |
| Web | 1 | |
| Creature Attack | 2 | |
| Freezing Breath | 1 | |
| Destroyer Form | 1 | |
7 total
» buildings
| Crypt | 1 | |
| Altar of Darkness | 1 | |
| Ziggurat | 11 | |
| Graveyard | 1 | |
| Tomb of Relics | 2 | |
| Nerubian Tower | 6 | |
| Halls of the Dead | 1 | |
| Black Citadel | 1 | |
| Sacrificial Pit | 1 | |
| Boneyard | 2 | |
| Necropolis | 1 | |
| Slaughterhouse | 1 | |
29 total
» build order
00:12 Crypt
00:21 Altar of Darkness
00:26 Ziggurat
00:42 Graveyard
01:16 Ziggurat
01:45 Tomb of Relics
02:20 Nerubian Tower
02:33 Tomb of Relics
05:13 Ziggurat
05:17 Ziggurat
06:29 Halls of the Dead
06:53 Nerubian Tower
06:55 Nerubian Tower
07:00 Ziggurat
08:44 Ziggurat
09:13 Black Citadel
09:18 Sacrificial Pit
09:49 Nerubian Tower
10:58 Ziggurat
11:47 Boneyard
11:52 Boneyard
16:04 Ziggurat
16:13 Ziggurat
26:41 Ziggurat
26:44 Ziggurat
26:49 Necropolis
29:20 Nerubian Tower
29:22 Nerubian Tower
32:42 Slaughterhouse
» items
| Rod of Necromancy | 1 | |
| Dust of Appearance | 2 | |
| Sacrificial Skull | 1 | |
4 total
p4in (
orange | 28 APM | 1374 actions | 49:03)
7 Priestess of the Moon
3 Trueshot Aura
3 Searing Arrows
1 Starfall
5 Keeper of the Grove
3 Entangling Roots
1 Thorns Aura
1 Force of Nature
» actions
| Basic commands | 12 | |
| Build / train | 76 | |
| Enter build submenu | 25 | |
| Enter hero's abilities submenu | 12 | |
| Give item / drop item | 2 | |
| Right click | 594 | |
| Select / deselect | 602 | |
| Use ability | 51 | |
1374 total
» units
| Wisp | 24 | |
| Huntress | 7 | |
| Dryad | 3 | |
| Chimaera | 14 | |
| Glaive Thrower | 1 | |
| Hippogryph | 5 | |
54 total
» upgrades
| Strength of the Wild | 3 | |
| Reinforced Hides | 2 | |
| Corrosive Breath | 1 | |
6 total
» buildings
| Altar of Elders | 1 | |
| Moon Well | 12 | |
| Hunter's Hall | 1 | |
| Ancient of War | 2 | |
| Tree of Ages | 1 | |
| Ancient Protector | 3 | |
| Ancient of Lore | 1 | |
| Ancient of Wind | 1 | |
| Tree of Life | 1 | |
| Tree of Eternity | 1 | |
| Chimaera Roost | 3 | |
27 total
» build order
00:08 Altar of Elders
00:14 Moon Well
01:07 Hunter's Hall
01:54 Ancient of War
02:07 Moon Well
02:48 Ancient of War
03:45 Moon Well
04:42 Moon Well
05:42 Moon Well
05:50 Tree of Ages
06:37 Moon Well
07:37 Ancient Protector
08:18 Ancient of Lore
09:42 Ancient of Wind
10:05 Ancient Protector
10:11 Tree of Life
11:05 Tree of Eternity
14:22 Chimaera Roost
14:24 Chimaera Roost
14:26 Chimaera Roost
14:32 Ancient Protector
15:52 Moon Well
15:54 Moon Well
19:24 Moon Well
25:56 Moon Well
25:58 Moon Well
27:07 Moon Well

»
The_Doctor_ (
green | 47 APM | 4264 actions | 90:15)
7 Archmage
3 Summon Water Elemental
3 Brilliance Aura
1 Mass Teleport
6 Blood Mage
2 Banish
3 Flame Strike
1 Summon Phoenix
» actions
| Assign group hotkey | 77 | |
| Basic commands | 97 | |
| Build / train | 151 | |
| Enter build submenu | 22 | |
| Enter hero's abilities submenu | 14 | |
| Give item / drop item | 8 | |
| Right click | 1333 | |
| Select / deselect | 1312 | |
| Select group hotkey | 1017 | |
| Use ability | 233 | |
4264 total
» units
| Peasant | 41 | |
| Footman | 5 | |
| Gryphon Rider | 5 | |
| Goblin Zeppelin | 3 | |
| Dragonhawk Rider | 2 | |
| Siege Engine | 21 | |
77 total
» upgrades
| Defend | 1 | |
| Lumber Harvesting | 2 | |
| Masonry | 3 | |
| Storm Hammers | 1 | |
| Swords | 3 | |
| Armor | 3 | |
| Cloud | 1 | |
| Animal War Training | 1 | |
| Gunpowder | 3 | |
| Barrage | 1 | |
| Plating | 3 | |
| Fragmentation Shards | 1 | |
| Flare | 1 | |
| Flak Cannons | 1 | |
| Flying Machine Bombs | 1 | |
| Long Rifles | 1 | |
| Backpack | 1 | |
| Sorceress Training | 2 | |
| Priest Training | 2 | |
| Magic Sentry | 1 | |
| Control Magic | 1 | |
34 total
» buildings
| Altar of Kings | 1 | |
| Farm | 13 | |
| Barracks | 1 | |
| Arcane Vault | 1 | |
| Lumber Mill | 1 | |
| Town Hall | 4 | |
| Scout Tower | 5 | |
| Keep | 1 | |
| Arcane Tower | 1 | |
| Castle | 1 | |
| Guard Tower | 3 | |
| Gryphon Aviary | 4 | |
| Blacksmith | 1 | |
| Workshop | 3 | |
| Arcane Sanctum | 1 | |
41 total
» build order
00:08 Altar of Kings
00:13 Farm
00:14 Farm
00:57 Barracks
01:40 Arcane Vault
02:32 Farm
02:36 Farm
05:54 Lumber Mill
07:06 Town Hall
09:36 Scout Tower
09:37 Scout Tower
09:38 Scout Tower
09:41 Scout Tower
09:42 Scout Tower
10:09 Keep
10:48 Arcane Tower
11:47 Farm
11:48 Farm
11:48 Farm
11:49 Farm
11:51 Farm
11:52 Farm
12:54 Castle
12:56 Guard Tower
13:33 Guard Tower
13:56 Gryphon Aviary
14:01 Blacksmith
14:32 Gryphon Aviary
14:36 Gryphon Aviary
14:43 Gryphon Aviary
14:54 Guard Tower
15:12 Farm
15:13 Farm
15:16 Farm
22:35 Workshop
22:37 Workshop
22:38 Workshop
26:17 Town Hall
35:10 Town Hall
35:36 Arcane Sanctum
44:20 Town Hall
» items
| Scroll of Regeneration | 3 | |
| Lesser Clarity Potion | 1 | |
| Potion of Lesser Invulnerability | 2 | |
| Ivory Tower | 3 | |
| Scroll of Town Portal | 2 | |
| Staff of Teleportation | 1 | |
| Orb of Fire | 2 | |
| Potion of Healing | 3 | |
| Dust of Appearance | 2 | |
19 total
team 2 (winner)
blueflagon (
pink | 26 APM | 58 actions | 02:11)
» actions
| Build / train | 10 | |
| Enter build submenu | 4 | |
| Right click | 20 | |
| Select / deselect | 20 | |
| Use ability | 4 | |
58 total
» units
» buildings
| Altar of Storms | 1 | |
| Orc Burrow | 1 | |
| War Mill | 1 | |
| Voodoo Lounge | 1 | |
4 total
» build order
00:10 Altar of Storms
00:22 Orc Burrow
00:46 War Mill
01:54 Voodoo Lounge
fineX (
yellow | 69 APM | 6219 actions | 90:17)
6 Pandaren Brewmaster
3 Breath of Fire
2 Drunken Haze
1 Storm Earth and Fire
4 Archmage
2 Blizzard
2 Brilliance Aura
5 Paladin
3 Holy Light
2 Divine Shield
» actions
| Assign group hotkey | 840 | |
| Basic commands | 27 | |
| Build / train | 202 | |
| Enter build submenu | 108 | |
| Enter hero's abilities submenu | 15 | |
| Give item / drop item | 6 | |
| Remove unit from queue | 6 | |
| Right click | 2757 | |
| Select / deselect | 846 | |
| Select group hotkey | 785 | |
| Use ability | 626 | |
6219 total
» units
| Peasant | 39 | |
| Goblin Shredder | 3 | |
| Goblin Zeppelin | 3 | |
| Gryphon Rider | 15 | |
| Sorceress | 2 | |
62 total
» upgrades
| Masonry | 3 | |
| Magic Sentry | 1 | |
| Storm Hammers | 1 | |
| Lumber Harvesting | 2 | |
| Swords | 3 | |
| Animal War Training | 1 | |
| Gunpowder | 0 | |
| Armor | 3 | |
| Sorceress Training | 1 | |
15 total
» buildings
| Altar of Kings | 2 | |
| Farm | 33 | |
| Lumber Mill | 3 | |
| Scout Tower | 286 | |
| Arcane Tower | 4 | |
| Guard Tower | 71 | |
| Keep | 2 | |
| Arcane Sanctum | 1 | |
| Blacksmith | 2 | |
| Gryphon Aviary | 10 | |
| Castle | 2 | |
| Town Hall | 6 | |
| Barracks | 1 | |
| Great Hall | 1 | |
424 total
» build order
00:04 Altar of Kings
00:08 Farm
00:19 Lumber Mill
00:39 Farm
01:25 Scout Tower
01:54 Arcane Tower
02:11 Scout Tower
02:14 Scout Tower
02:17 Scout Tower
02:34 Scout Tower
02:35 Scout Tower
02:35 Scout Tower
02:36 Scout Tower
02:43 Guard Tower
03:01 Scout Tower
03:06 Scout Tower
03:07 Scout Tower
03:09 Guard Tower
03:19 Arcane Tower
03:20 Guard Tower
03:42 Guard Tower
03:43 Scout Tower
03:45 Scout Tower
03:46 Scout Tower
04:38 Guard Tower
05:14 Keep
05:47 Scout Tower
05:48 Scout Tower
05:49 Scout Tower
05:50 Scout Tower
06:16 Guard Tower
06:18 Guard Tower
07:44 Guard Tower
07:46 Arcane Sanctum
07:48 Blacksmith
07:50 Gryphon Aviary
08:22 Castle
08:52 Farm
08:55 Farm
09:06 Gryphon Aviary
09:40 Gryphon Aviary
09:41 Gryphon Aviary
09:50 Scout Tower
09:50 Scout Tower
10:02 Farm
10:03 Farm
10:23 Guard Tower
11:27 Town Hall
11:38 Barracks
11:44 Scout Tower
12:23 Scout Tower
12:54 Guard Tower
14:26 Scout Tower
14:26 Scout Tower
14:27 Scout Tower
14:28 Scout Tower
14:30 Scout Tower
14:32 Scout Tower
14:32 Scout Tower
14:34 Scout Tower
14:35 Scout Tower
14:36 Scout Tower
14:37 Scout Tower
14:38 Scout Tower
14:39 Scout Tower
14:40 Scout Tower
14:41 Scout Tower
14:42 Scout Tower
14:42 Scout Tower
14:43 Scout Tower
14:43 Scout Tower
14:44 Scout Tower
14:45 Scout Tower
14:46 Scout Tower
14:46 Scout Tower
14:47 Scout Tower
14:47 Scout Tower
14:48 Scout Tower
14:49 Scout Tower
14:50 Scout Tower
14:50 Scout Tower
14:50 Scout Tower
14:52 Scout Tower
14:52 Scout Tower
15:07 Guard Tower
15:42 Guard Tower
15:46 Guard Tower
16:01 Scout Tower
16:01 Scout Tower
16:05 Scout Tower
16:06 Scout Tower
16:07 Scout Tower
17:04 Guard Tower
17:04 Guard Tower
17:09 Guard Tower
17:09 Guard Tower
17:43 Guard Tower
17:45 Scout Tower
17:46 Scout Tower
17:47 Scout Tower
17:48 Scout Tower
18:23 Guard Tower
18:29 Scout Tower
18:30 Scout Tower
18:55 Guard Tower
19:29 Scout Tower
19:30 Scout Tower
19:30 Scout Tower
19:30 Scout Tower
19:35 Scout Tower
19:35 Scout Tower
19:36 Scout Tower
19:36 Scout Tower
19:38 Guard Tower
20:15 Guard Tower
20:19 Guard Tower
21:09 Guard Tower
23:50 Great Hall
24:37 Guard Tower
24:56 Guard Tower
26:08 Farm
26:08 Farm
26:09 Farm
26:09 Farm
26:10 Farm
28:04 Town Hall
28:22 Scout Tower
28:23 Scout Tower
28:24 Scout Tower
28:25 Scout Tower
28:26 Scout Tower
28:27 Scout Tower
28:28 Scout Tower
28:29 Scout Tower
28:30 Scout Tower
28:31 Scout Tower
28:33 Scout Tower
28:34 Scout Tower
28:35 Scout Tower
28:37 Scout Tower
28:38 Scout Tower
28:39 Scout Tower
28:40 Scout Tower
28:41 Scout Tower
29:16 Guard Tower
29:25 Scout Tower
29:26 Scout Tower
29:27 Scout Tower
29:27 Scout Tower
29:28 Scout Tower
29:29 Scout Tower
29:30 Scout Tower
29:32 Scout Tower
29:33 Scout Tower
29:34 Scout Tower
29:36 Scout Tower
29:36 Scout Tower
29:36 Scout Tower
29:37 Scout Tower
31:20 Guard Tower
31:22 Guard Tower
32:40 Scout Tower
32:52 Scout Tower
32:53 Scout Tower
32:54 Scout Tower
32:55 Scout Tower
32:56 Scout Tower
32:58 Scout Tower
32:59 Scout Tower
33:00 Scout Tower
33:01 Scout Tower
33:02 Scout Tower
33:03 Scout Tower
33:04 Scout Tower
33:26 Altar of Kings
33:35 Guard Tower
34:02 Lumber Mill
34:32 Scout Tower
34:34 Scout Tower
34:34 Scout Tower
35:52 Guard Tower
35:57 Scout Tower
35:58 Scout Tower
35:59 Scout Tower
36:02 Scout Tower
36:10 Scout Tower
36:11 Scout Tower
36:13 Scout Tower
36:14 Keep
37:14 Guard Tower
37:20 Guard Tower
37:23 Scout Tower
37:24 Scout Tower
37:25 Scout Tower
37:25 Scout Tower
37:25 Scout Tower
37:25 Scout Tower
37:26 Scout Tower
37:26 Scout Tower
37:29 Scout Tower
37:30 Scout Tower
37:32 Scout Tower
37:34 Scout Tower
37:35 Scout Tower
37:38 Scout Tower
38:02 Guard Tower
38:17 Guard Tower
38:35 Guard Tower
38:42 Blacksmith
38:55 Guard Tower
38:59 Scout Tower
39:44 Guard Tower
43:00 Scout Tower
43:01 Scout Tower
43:03 Scout Tower
43:12 Scout Tower
43:13 Scout Tower
43:16 Scout Tower
43:40 Guard Tower
43:41 Guard Tower
43:43 Guard Tower
43:46 Scout Tower
43:46 Scout Tower
44:10 Scout Tower
44:11 Scout Tower
44:13 Guard Tower
44:28 Guard Tower
44:32 Scout Tower
44:34 Scout Tower
44:35 Scout Tower
44:55 Town Hall
44:59 Scout Tower
45:00 Scout Tower
45:02 Scout Tower
45:03 Scout Tower
45:04 Scout Tower
45:11 Scout Tower
45:14 Scout Tower
45:38 Lumber Mill
45:46 Arcane Tower
46:24 Guard Tower
47:05 Guard Tower
47:14 Scout Tower
47:15 Scout Tower
47:16 Scout Tower
47:18 Scout Tower
47:18 Scout Tower
50:09 Guard Tower
50:13 Town Hall
50:19 Scout Tower
50:20 Scout Tower
50:21 Scout Tower
50:22 Scout Tower
50:22 Scout Tower
50:22 Scout Tower
50:23 Scout Tower
50:24 Scout Tower
50:24 Scout Tower
50:25 Scout Tower
50:25 Scout Tower
50:25 Scout Tower
50:27 Scout Tower
50:27 Scout Tower
50:28 Scout Tower
50:29 Scout Tower
51:36 Guard Tower
52:45 Guard Tower
52:52 Scout Tower
52:53 Scout Tower
52:53 Scout Tower
52:54 Scout Tower
52:56 Scout Tower
52:56 Scout Tower
52:56 Scout Tower
52:56 Scout Tower
52:57 Scout Tower
52:57 Scout Tower
52:57 Scout Tower
52:57 Scout Tower
52:58 Scout Tower
52:58 Scout Tower
52:58 Scout Tower
53:25 Guard Tower
54:12 Scout Tower
54:13 Scout Tower
54:14 Scout Tower
54:16 Scout Tower
54:17 Scout Tower
54:19 Scout Tower
54:21 Scout Tower
54:22 Scout Tower
54:23 Scout Tower
54:25 Scout Tower
54:25 Scout Tower
54:27 Scout Tower
54:28 Scout Tower
54:29 Scout Tower
54:29 Scout Tower
54:30 Scout Tower
54:31 Scout Tower
54:31 Scout Tower
54:31 Scout Tower
54:32 Scout Tower
54:36 Scout Tower
54:36 Scout Tower
54:36 Scout Tower
54:37 Scout Tower
54:37 Scout Tower
54:39 Scout Tower
54:41 Scout Tower
54:42 Scout Tower
54:42 Scout Tower
54:42 Scout Tower
54:43 Scout Tower
54:43 Scout Tower
54:45 Scout Tower
54:47 Scout Tower
54:47 Scout Tower
54:48 Scout Tower
54:51 Arcane Tower
54:55 Guard Tower
56:07 Guard Tower
56:18 Guard Tower
56:32 Guard Tower
56:32 Guard Tower
56:58 Guard Tower
56:59 Guard Tower
57:18 Guard Tower
57:19 Guard Tower
57:19 Guard Tower
57:41 Guard Tower
57:42 Guard Tower
58:05 Guard Tower
58:08 Guard Tower
61:49 Castle
63:01 Gryphon Aviary
63:04 Gryphon Aviary
64:53 Scout Tower
64:54 Scout Tower
64:56 Scout Tower
64:57 Scout Tower
64:58 Scout Tower
64:59 Scout Tower
65:00 Scout Tower
65:02 Scout Tower
65:03 Scout Tower
65:04 Scout Tower
65:06 Scout Tower
65:20 Scout Tower
65:21 Scout Tower
65:22 Scout Tower
65:24 Scout Tower
65:25 Scout Tower
65:26 Scout Tower
65:27 Scout Tower
65:27 Scout Tower
65:28 Scout Tower
65:30 Scout Tower
65:30 Scout Tower
66:16 Guard Tower
66:29 Town Hall
66:36 Town Hall
66:38 Guard Tower
66:43 Scout Tower
66:44 Scout Tower
66:46 Scout Tower
66:49 Scout Tower
66:51 Scout Tower
66:52 Scout Tower
66:52 Scout Tower
66:53 Scout Tower
66:53 Scout Tower
66:55 Scout Tower
66:56 Scout Tower
66:57 Scout Tower
66:58 Scout Tower
66:58 Scout Tower
66:59 Scout Tower
67:00 Scout Tower
67:01 Scout Tower
67:09 Guard Tower
67:26 Farm
67:28 Farm
67:29 Farm
67:30 Farm
67:31 Farm
67:36 Guard Tower
67:56 Guard Tower
67:57 Guard Tower
68:44 Guard Tower
69:06 Guard Tower
70:16 Farm
70:17 Farm
70:18 Farm
70:25 Farm
70:26 Farm
70:27 Farm
70:28 Farm
70:29 Farm
70:32 Farm
70:33 Farm
76:28 Gryphon Aviary
76:49 Gryphon Aviary
76:52 Gryphon Aviary
77:21 Gryphon Aviary
78:32 Farm
78:33 Farm
78:35 Farm
78:36 Farm
79:34 Farm
80:22 Farm
80:23 Farm
84:32 Scout Tower
84:33 Scout Tower
84:34 Scout Tower
84:35 Scout Tower
84:36 Scout Tower
84:37 Scout Tower
» items
| Lesser Clarity Potion | 5 | |
| Healing Salve | 4 | |
| Boots of Speed | 2 | |
| Staff of Teleportation | 3 | |
| Scroll of Town Portal | 4 | |
| Scroll of Healing | 2 | |
| Potion of Lesser Invulnerability | 1 | |
21 total
GREAT_GAMELORD (
teal | 124 APM | 11210 actions | 90:16)
10 Blademaster
3 Wind Walk
3 Critical Strike
1 Bladestorm
3 Mirror Image
6 Shadow Hunter
3 Hex
3 Healing Wave
» actions
| Assign group hotkey | 3593 | |
| Basic commands | 135 | |
| Build / train | 193 | |
| ESC pressed | 48 | |
| Enter build submenu | 64 | |
| Enter hero's abilities submenu | 24 | |
| Give item / drop item | 16 | |
| Right click | 3301 | |
| Select / deselect | 792 | |
| Select group hotkey | 2331 | |
| Use ability | 712 | |
11210 total
» units
| Peon | 11 | |
| Troll Batrider | 69 | |
| Goblin Shredder | 1 | |
| Shaman | 1 | |
| Goblin Zeppelin | 3 | |
85 total
» upgrades
| Ensnare | 2 | |
| Envenomed Spears | 2 | |
| Liquid Fire | 2 | |
| War Drums Damage Increase | 2 | |
| Shaman Training | 2 | |
| Witch Doctor Training | 2 | |
| Spirit Walker Training | 1 | |
| Reinforced Defenses | 1 | |
14 total
» buildings
| Altar of Storms | 6 | |
| Orc Burrow | 35 | |
| War Mill | 1 | |
| Voodoo Lounge | 2 | |
| Stronghold | 4 | |
| Fortress | 2 | |
| Beastiary | 23 | |
| Spirit Lodge | 2 | |
| Watch Tower | 12 | |
| Great Hall | 2 | |
89 total
» build order
00:06 Altar of Storms
00:15 Orc Burrow
01:05 War Mill
01:18 Voodoo Lounge
02:53 Stronghold
03:32 Stronghold
03:48 Orc Burrow
03:48 Orc Burrow
03:51 Orc Burrow
03:51 Orc Burrow
06:05 Fortress
06:33 Beastiary
06:33 Beastiary
06:34 Beastiary
06:34 Beastiary
06:37 Orc Burrow
07:58 Orc Burrow
07:58 Orc Burrow
07:59 Orc Burrow
07:59 Orc Burrow
08:14 Spirit Lodge
08:15 Spirit Lodge
08:16 Beastiary
08:16 Beastiary
08:17 Beastiary
08:17 Beastiary
15:25 Orc Burrow
15:25 Orc Burrow
15:27 Orc Burrow
15:27 Orc Burrow
22:44 Altar of Storms
22:47 Orc Burrow
22:47 Orc Burrow
22:48 Orc Burrow
22:48 Orc Burrow
22:50 Altar of Storms
26:40 Watch Tower
26:40 Watch Tower
26:41 Watch Tower
26:41 Watch Tower
26:41 Watch Tower
26:41 Watch Tower
26:42 Watch Tower
26:42 Watch Tower
27:16 Voodoo Lounge
28:12 Stronghold
31:47 Fortress
31:51 Beastiary
31:51 Beastiary
31:52 Beastiary
31:53 Beastiary
31:53 Beastiary
31:54 Beastiary
32:28 Beastiary
32:28 Beastiary
32:28 Beastiary
32:29 Beastiary
32:29 Beastiary
34:49 Altar of Storms
34:51 Orc Burrow
34:52 Orc Burrow
34:52 Orc Burrow
34:52 Orc Burrow
34:53 Orc Burrow
38:26 Altar of Storms
38:28 Orc Burrow
38:28 Orc Burrow
38:29 Orc Burrow
41:03 Stronghold
42:10 Orc Burrow
42:10 Orc Burrow
42:11 Orc Burrow
42:11 Orc Burrow
43:47 Altar of Storms
43:54 Beastiary
43:54 Beastiary
43:55 Beastiary
43:56 Beastiary
44:56 Great Hall
45:10 Orc Burrow
45:10 Orc Burrow
45:11 Orc Burrow
45:11 Orc Burrow
51:42 Great Hall
» items
| Healing Salve | 4 | |
| Lesser Clarity Potion | 6 | |
| Orb of Lightning | 3 | |
| Scroll of Speed | 3 | |
| Tiny Great Hall | 1 | |
| Periapt of Vitality | 6 | |
| Boots of Speed | 2 | |
| Scroll of Town Portal | 8 | |
| Potion of Lesser Invulnerability | 13 | |
| Circlet of Nobility | 2 | |
| Potion of Healing | 4 | |
| Staff of Teleportation | 2 | |
54 total
KeKeZergRush (
purple | 61 APM | 5492 actions | 90:16)
5 Mountain King
3 Storm Bolt
2 Bash
6 Paladin
3 Holy Light
3 Divine Shield
» actions
| Assign group hotkey | 24 | |
| Basic commands | 2 | |
| Build / train | 129 | |
| ESC pressed | 3 | |
| Enter build submenu | 66 | |
| Enter hero's abilities submenu | 11 | |
| Give item / drop item | 1 | |
| Right click | 2075 | |
| Select / deselect | 742 | |
| Select group hotkey | 2202 | |
| Use ability | 233 | |
5492 total
» units
| Peasant | 17 | |
| Flying Machine | 13 | |
| Mortar Team | 3 | |
33 total
» upgrades
| Lumber Harvesting | 2 | |
| Masonry | 3 | |
| Gunpowder | 4 | |
| Flak Cannons | 1 | |
| Plating | 3 | |
| Fragmentation Shards | 1 | |
| Flare | 1 | |
15 total
» buildings
| Altar of Kings | 2 | |
| Farm | 9 | |
| Lumber Mill | 3 | |
| Scout Tower | 107 | |
| Arcane Tower | 1 | |
| Guard Tower | 35 | |
| Keep | 1 | |
| Fortress | 1 | |
| Castle | 1 | |
| Blacksmith | 1 | |
| Town Hall | 2 | |
| Workshop | 2 | |
| Arcane Vault | 1 | |
| Arcane Sanctum | 1 | |
| Cannon Tower | 6 | |
173 total
» build order
00:07 Altar of Kings
00:09 Farm
00:32 Lumber Mill
01:33 Farm
01:53 Scout Tower
01:55 Scout Tower
02:27 Arcane Tower
02:28 Guard Tower
02:32 Scout Tower
02:33 Scout Tower
03:02 Scout Tower
03:05 Scout Tower
03:07 Guard Tower
03:14 Keep
03:33 Guard Tower
03:35 Scout Tower
03:38 Scout Tower
04:12 Scout Tower
04:14 Scout Tower
04:14 Scout Tower
04:16 Scout Tower
04:17 Scout Tower
04:18 Scout Tower
04:20 Scout Tower
04:21 Scout Tower
04:24 Guard Tower
04:27 Scout Tower
04:31 Scout Tower
04:32 Scout Tower
04:54 Guard Tower
04:56 Scout Tower
04:58 Scout Tower
05:01 Guard Tower
05:16 Fortress
05:29 Farm
05:50 Guard Tower
05:53 Guard Tower
05:53 Guard Tower
06:24 Guard Tower
06:35 Scout Tower
06:37 Scout Tower
06:38 Scout Tower
08:42 Guard Tower
08:57 Scout Tower
08:58 Scout Tower
09:17 Castle
09:45 Blacksmith
09:57 Guard Tower
10:23 Guard Tower
10:27 Scout Tower
10:30 Scout Tower
10:31 Scout Tower
11:21 Town Hall
11:26 Scout Tower
11:27 Scout Tower
11:28 Scout Tower
11:29 Scout Tower
11:30 Scout Tower
11:32 Scout Tower
11:32 Scout Tower
11:34 Scout Tower
12:00 Workshop
12:02 Workshop
13:31 Guard Tower
15:00 Scout Tower
15:02 Scout Tower
15:02 Scout Tower
15:03 Scout Tower
15:04 Scout Tower
15:05 Scout Tower
15:07 Scout Tower
15:07 Scout Tower
15:08 Scout Tower
15:10 Scout Tower
15:11 Scout Tower
15:11 Scout Tower
15:13 Scout Tower
15:14 Scout Tower
15:15 Scout Tower
15:17 Scout Tower
15:17 Scout Tower
15:19 Scout Tower
15:21 Guard Tower
15:31 Lumber Mill
15:49 Farm
15:49 Farm
16:47 Guard Tower
18:06 Guard Tower
18:22 Guard Tower
18:55 Guard Tower
19:16 Guard Tower
19:20 Scout Tower
19:21 Scout Tower
19:22 Scout Tower
19:23 Scout Tower
19:25 Scout Tower
19:26 Scout Tower
19:27 Scout Tower
19:29 Scout Tower
19:30 Scout Tower
19:34 Scout Tower
19:35 Scout Tower
19:36 Scout Tower
19:37 Scout Tower
19:38 Scout Tower
19:40 Scout Tower
19:41 Scout Tower
19:42 Scout Tower
19:43 Scout Tower
19:44 Scout Tower
19:46 Scout Tower
19:49 Scout Tower
19:50 Scout Tower
19:51 Scout Tower
19:53 Scout Tower
19:54 Scout Tower
19:57 Scout Tower
19:57 Scout Tower
19:58 Scout Tower
20:34 Guard Tower
21:05 Guard Tower
23:16 Guard Tower
23:19 Guard Tower
24:40 Guard Tower
24:58 Guard Tower
25:12 Guard Tower
25:37 Guard Tower
25:48 Guard Tower
26:04 Lumber Mill
26:53 Guard Tower
28:14 Arcane Vault
28:22 Town Hall
28:33 Scout Tower
28:34 Scout Tower
28:35 Scout Tower
28:36 Scout Tower
28:36 Scout Tower
28:37 Scout Tower
29:13 Guard Tower
29:34 Arcane Sanctum
29:54 Guard Tower
32:54 Scout Tower
32:55 Scout Tower
32:56 Scout Tower
32:58 Scout Tower
32:58 Scout Tower
34:04 Cannon Tower
34:05 Cannon Tower
34:09 Scout Tower
34:09 Scout Tower
34:10 Scout Tower
34:11 Scout Tower
34:11 Scout Tower
34:12 Scout Tower
34:13 Scout Tower
34:13 Scout Tower
34:16 Cannon Tower
34:58 Cannon Tower
35:23 Guard Tower
35:24 Cannon Tower
35:47 Cannon Tower
35:51 Scout Tower
35:52 Scout Tower
35:59 Scout Tower
35:59 Scout Tower
36:00 Scout Tower
37:00 Guard Tower
37:31 Guard Tower
39:33 Altar of Kings
41:04 Farm
41:05 Farm
41:11 Farm
41:14 Farm
» items
| Boots of Speed | 2 | |
| Staff of Teleportation | 2 | |
| Orb of Lightning | 2 | |
| Healing Salve | 1 | |
| Staff of Sanctuary | 1 | |
| Scroll of Regeneration | 1 | |
| Potion of Healing | 1 | |
| Scroll of Town Portal | 1 | |
11 total
Chat log
(00:05 / Allies) blueflagon: i love this ma
(00:06 / Allies) blueflagon: p
(00:07 / Allies) blueflagon: fuck yeah
(00:11 / Allies) fineX: oh shit
(00:13 / Allies) fineX: 37 missed calls
(00:24 / Allies) blueflagon: 37?
(00:26 / Allies) blueflagon: that cant be good
(00:31 / Allies) fineX: my phones been on silent
(00:32 / Allies) fineX: oh well
(00:37 / Allies) blueflagon: tell me what it is
(00:40 / Allies) blueflagon: im interested
(00:43 / Allies) fineX: uh
(00:44 / Allies) fineX: 12 from work
(00:51 / Allies) KeKeZergRush: humans tower 2 main ramps
(00:53 / Allies) GREAT_GAMELORD: do you still work at mcd
(00:54 / Allies) KeKeZergRush: while orcs tech?
(00:54 / Allies) fineX: and the other 25 are from my friend (a _girl_)
(00:57 / Allies) blueflagon: ok
(00:59 / Allies) fineX: yes
(01:04 / Allies) blueflagon: 25?
(01:08 / Allies) blueflagon: this girls desperate
(01:25 / Allies) fineX: idk
(01:27 / Allies) GREAT_GAMELORD: finex
(01:28 / Allies) GREAT_GAMELORD: tower this ramp
(01:29 / Allies) GREAT_GAMELORD: bro..
(01:37 / Allies) fineX: im going man
(01:39 / Allies) fineX: chill
(01:44 / Allies) blueflagon: keke wheres your mill
(01:46 / Allies) fineX: i dont have the wood right now anyway
(01:47 / Allies) blueflagon: oh whew
(02:11 / All) KeKeZergRush: fucking flaggot
(02:12 / Allies) GREAT_GAMELORD: stay
(02:21 / Allies) fineX: wow
(02:37 / Allies) GREAT_GAMELORD: me control
(02:40 / Allies) GREAT_GAMELORD: he
(02:49 / Allies) fineX: how delightfully illiterate
(03:24 / All) OriginalGrim: yo get 1 new partner and search again so we can have a new game after this
(03:25 / Allies) KeKeZergRush: footies and human tech
(03:31 / All) fineX: ok leave first
(04:34 / Allies) fineX: all red
(04:48 / Allies) fineX: run boii
(05:05 / Allies) KeKeZergRush: units for me?
(05:07 / Allies) fineX: call me johnny 4gold
(05:16 / Allies) GREAT_GAMELORD: work out uniots between u guys...
(05:18 / Allies) GREAT_GAMELORD: plz dont suk..
(05:23 / Allies) fineX: im gryphs
(05:24 / Allies) KeKeZergRush: no promises
(05:30 / Allies) fineX: u make morts or w/e
(05:32 / Allies) KeKeZergRush: tanks?
(05:35 / Allies) fineX: no fucking tanks
(05:37 / Allies) fineX: theyre shit aa
(05:39 / Allies) KeKeZergRush: damn
(05:46 / Allies) KeKeZergRush: well gyros or morts?
(05:57 / Allies) fineX: i have a boner
(06:41 / Allies) fineX: tping to flagon
(07:41 / Allies) KeKeZergRush: weak dk
(08:05 / Allies) GREAT_GAMELORD: expo time
(08:17 / Allies) fineX: pro timing on tp!!
(08:28 / Allies) GREAT_GAMELORD: doint forget
(08:30 / All) p4in: u kidding?
(08:30 / Allies) GREAT_GAMELORD: they can zep
(08:33 / Allies) GREAT_GAMELORD: so tower all the wall prob
(08:36 / Allies) fineX: yaya
(08:43 / Allies) fineX: gonna start expoing etc
(09:37 / Allies) GREAT_GAMELORD: wjhatever u do dont take expos with leaver
(09:41 / Allies) fineX: yaya
(09:47 / Allies) GREAT_GAMELORD: expo here right now
(10:09 / Allies) GREAT_GAMELORD: expo here
(10:10 / Allies) GREAT_GAMELORD: plz
(10:13 / Allies) GREAT_GAMELORD: either
(10:14 / Allies) KeKeZergRush: going now
(10:37 / Allies) fineX: make him make unit
(11:29 / Allies) GREAT_GAMELORD: finex take this or
(11:41 / Allies) KeKeZergRush: claws 9 on mk
(11:43 / Allies) KeKeZergRush: for whoever
(11:48 / Allies) GREAT_GAMELORD: tower wall plz
(11:52 / Allies) GREAT_GAMELORD: ya give me
(11:53 / Allies) GREAT_GAMELORD: sometime
(13:03 / Allies) fineX: make flagon bats
(13:45 / Allies) GREAT_GAMELORD: tower wall
(13:46 / Allies) GREAT_GAMELORD: bros
(13:59 / Allies) fineX: i need resources
(14:58 / Allies) KeKeZergRush: i got from mid up
(15:37 / Allies) fineX: gold
(16:21 / Allies) fineX: save sobi for panda pls
(16:59 / Allies) fineX: did u make flagon bats
(17:09 / Allies) GREAT_GAMELORD: ya
(17:11 / Allies) GREAT_GAMELORD: middle
(17:11 / Allies) fineX: here
(17:58 / Allies) fineX: zep drop inc
(18:38 / Allies) GREAT_GAMELORD: invis bats u got sorc?
(18:49 / Allies) GREAT_GAMELORD: upg tower
(19:21 / Allies) GREAT_GAMELORD: u guys watch that
(19:25 / Allies) fineX: i m
(20:12 / All) p4in: u guys really must hjave all the time in the world
(21:31 / Allies) fineX: ugh keke u didnt finsih ur line
(23:27 / Allies) fineX: oh
(23:30 / Allies) fineX: he has 2 hoods
(23:31 / Allies) fineX: huh.
(25:10 / Allies) fineX: im going upkeep
(29:38 / Allies) fineX: tower ur island
(29:39 / Allies) fineX: keke
(29:49 / Allies) KeKeZergRush: already at 50 food
(29:51 / Allies) KeKeZergRush: and doing 2 mines
(29:55 / Allies) fineX: so
(30:05 / Allies) KeKeZergRush: tanks
(30:15 / Allies) fineX: shit no cannnons
(30:17 / Allies) GREAT_GAMELORD: canonz
(30:41 / Allies) GREAT_GAMELORD: we lose
(30:43 / Allies) GREAT_GAMELORD: gay
(30:49 / Allies) fineX: flagon
(30:50 / Allies) fineX: gay
(31:02 / Allies) fineX: kinda myfault no cannosn
(31:04 / Allies) fineX: should have thgem
(32:07 / All) The_Doctor_: thanks for wasting an hour of my life
(32:35 / Allies) GREAT_GAMELORD: gert canons
(32:39 / Allies) GREAT_GAMELORD: quicklick
(32:44 / Allies) fineX: seal it off
(33:03 / Allies) GREAT_GAMELORD: use pandsa on tanks
(33:28 / Allies) fineX: save urselfs
(33:30 / Allies) fineX: its too late for me
(34:04 / Allies) GREAT_GAMELORD: build bild
(34:06 / Allies) GREAT_GAMELORD: where panda
(34:12 / Allies) fineX: coming
(34:50 / Allies) fineX: bash bash bash
(35:40 / Allies) fineX: nice
(35:48 / Allies) fineX: here too
(37:01 / Allies) fineX: lmao u forgot to tower the other side
(37:10 / Allies) KeKeZergRush: was working on it
(37:12 / Allies) KeKeZergRush: no lumber
(38:09 / Allies) GREAT_GAMELORD: cannon tower at other towers
(38:43 / Allies) GREAT_GAMELORD: gold me
(38:45 / Allies) GREAT_GAMELORD: build unitz
(38:48 / Allies) GREAT_GAMELORD: 10 gold
(38:50 / Allies) GREAT_GAMELORD: 10k!!!
(39:14 / Allies) fineX: luckily my island fortress is impenetrable
(39:45 / Allies) GREAT_GAMELORD: canons
(39:51 / Allies) KeKeZergRush: no lumber
(39:53 / Allies) KeKeZergRush: no smith
(39:55 / Allies) KeKeZergRush: no shop
(40:28 / Allies) fineX: alas my brothers... Teh battel is lost!!!
(40:57 / Allies) fineX: acvcident
(44:12 / Allies) GREAT_GAMELORD: any unitz
(44:13 / Allies) GREAT_GAMELORD: ...
(44:16 / Allies) fineX: no
(44:19 / Allies) KeKeZergRush: couple gyros
(45:40 / Allies) GREAT_GAMELORD: anyt scan
(45:41 / Allies) GREAT_GAMELORD: check other islands
(45:43 / Allies) fineX: no
(45:45 / Allies) KeKeZergRush: all dead
(46:38 / Allies) GREAT_GAMELORD: gold me alot
(47:33 / Allies) fineX: they come!!!
(48:12 / All) forfter: ZZZ
(48:16 / Allies) fineX: how do i rpess t
(49:22 / All) fineX: die nigger
(49:50 / Allies) fineX: wow
(49:52 / All) forfter: lol?
(49:54 / Allies) fineX: nice block keke
(50:04 / Allies) GREAT_GAMELORD: dp tjat
(50:24 / Allies) GREAT_GAMELORD: see any of leaver peons?
(51:09 / Allies) GREAT_GAMELORD: funny
(51:12 / Allies) GREAT_GAMELORD: we mite win..>????
(51:15 / Allies) fineX: we doing good comeback
(51:16 / Allies) GREAT_GAMELORD: got plenty bats now
(51:26 / Allies) GREAT_GAMELORD: get invulns
(51:31 / Allies) GREAT_GAMELORD: best item
(51:43 / Allies) GREAT_GAMELORD: i try expo
(51:44 / Allies) fineX: i dont think they can crack my fortress
(51:49 / Allies) fineX: unless they take like 100 chims for 10 hours
(53:45 / Allies) GREAT_GAMELORD: so uh
(53:51 / Allies) GREAT_GAMELORD: be cery care
(53:58 / Allies) fineX: yeah
(54:00 / Allies) fineX: strong heroes
(54:07 / Allies) GREAT_GAMELORD: we can win with ration golds
(54:17 / Allies) GREAT_GAMELORD: i swear leaver heroes are impossible to keep alive
(54:18 / Allies) GREAT_GAMELORD: lmao
(54:21 / Allies) GREAT_GAMELORD: so gay
(54:42 / Allies) GREAT_GAMELORD: dont fight
(55:32 / Allies) GREAT_GAMELORD: hero kills we need
(55:40 / Allies) fineX: and kill altar
(56:10 / Allies) fineX: wood me
(57:08 / Allies) GREAT_GAMELORD: do not lose hero
(57:10 / Allies) GREAT_GAMELORD: plz!!
(57:25 / Allies) fineX: wish i had lum
(57:51 / Allies) fineX: free wisps
(57:56 / Allies) GREAT_GAMELORD: dont need
(58:16 / Allies) fineX: no way they can crack my fort
(58:22 / Allies) fineX: except ults from potm and lich
(58:40 / Allies) KeKeZergRush: got ud aco up there
(58:57 / Allies) GREAT_GAMELORD: use tp on island base
(58:59 / Allies) GREAT_GAMELORD: if they atk u
(59:00 / Allies) GREAT_GAMELORD: do no tdie
(59:22 / Allies) fineX: here we go
(59:35 / Allies) KeKeZergRush: did blue mk or pala die
(59:40 / Allies) fineX: they all tped
(59:40 / Allies) fineX: no
(60:22 / Allies) GREAT_GAMELORD: cant keep that alive
(60:23 / Allies) GREAT_GAMELORD: if they atk
(60:27 / Allies) GREAT_GAMELORD: but freegold
(60:29 / Allies) fineX: think i can take this
(60:37 / Allies) GREAT_GAMELORD: why u lost hero god
(60:38 / Allies) GREAT_GAMELORD: just use tp
(60:44 / Allies) GREAT_GAMELORD: go to shop
(60:46 / Allies) GREAT_GAMELORD: buy tp
(60:50 / Allies) GREAT_GAMELORD: dfjgfd
(60:55 / Allies) fineX: hes dead
(60:59 / Allies) GREAT_GAMELORD: god dam
(61:02 / Allies) fineX: gg kekezergrush
(62:00 / Allies) GREAT_GAMELORD: gay pala back
(62:35 / Allies) GREAT_GAMELORD: hey
(62:38 / Allies) GREAT_GAMELORD: can u tech to gryoph
(62:41 / Allies) fineX: am doing so
(62:45 / Allies) GREAT_GAMELORD: so u can spend that gold
(62:49 / Allies) GREAT_GAMELORD: dont be slow~
(63:07 / Allies) GREAT_GAMELORD: and u can prob take that expo i guess
(63:08 / Allies) GREAT_GAMELORD: dunno
(63:14 / Allies) fineX: ill try
(65:00 / All) The_Doctor_: why are u doing this?
(65:12 / All) fineX: i think we asked hitler that in ww2
(65:15 / All) fineX: and the reason is
(65:16 / All) fineX: i hate jews
(65:23 / Allies) GREAT_GAMELORD: massive lag
(65:32 / Allies) fineX: dont drop on me
(65:32 / Allies) GREAT_GAMELORD: what the ffuck
(65:38 / Allies) GREAT_GAMELORD: stop lagging me
(65:41 / Allies) GREAT_GAMELORD: 1
(65:46 / Allies) GREAT_GAMELORD: use my tp on mny herop if its gonna die
(65:51 / Allies) GREAT_GAMELORD: use my hero
(65:52 / Allies) GREAT_GAMELORD: right now
(66:11 / Allies) fineX: im gonna tp u up
(66:18 / Allies) GREAT_GAMELORD: no
(66:23 / Allies) GREAT_GAMELORD: i needed that hero gay
(66:32 / Allies) fineX: can u res
(67:06 / Allies) GREAT_GAMELORD: i think
(67:12 / Allies) fineX: yeah
(67:13 / Allies) GREAT_GAMELORD: get masssss upg gryph
(67:40 / Allies) GREAT_GAMELORD: dont overtower
(67:42 / Allies) GREAT_GAMELORD: not like they got air
(67:55 / Allies) fineX: just incase zep drop
(68:05 / Allies) GREAT_GAMELORD: ok i tp up
(68:06 / Allies) GREAT_GAMELORD: lag is insane
(68:08 / Allies) GREAT_GAMELORD: afk a sec
(69:13 / Allies) KeKeZergRush: shade tehre for bm
(69:38 / Allies) GREAT_GAMELORD: not much gol there anyway
(69:40 / Allies) GREAT_GAMELORD: they prob make hawks
(69:42 / Allies) GREAT_GAMELORD: i got alot of bats
(69:56 / Allies) fineX: should i wait for mines out before gryph
(70:02 / Allies) fineX: they're alrdy 3/2 i think at least
(70:04 / Allies) GREAT_GAMELORD: well go 50
(70:05 / Allies) GREAT_GAMELORD: and upg
(70:08 / Allies) GREAT_GAMELORD: and have the farms rdy
(70:43 / Allies) GREAT_GAMELORD: i got 1 peon
(70:49 / Allies) fineX: lol
(70:53 / Allies) GREAT_GAMELORD: wish he could hide in igloo
(70:54 / Allies) KeKeZergRush: hid in igloo
(70:59 / Allies) GREAT_GAMELORD: ownd!!
(71:04 / Allies) fineX: take him up to the fort
(71:14 / Allies) GREAT_GAMELORD: i can try
(71:50 / Allies) fineX: care they arund
(72:55 / Allies) GREAT_GAMELORD: if they move away that will die quik
(73:27 / Allies) KeKeZergRush: just ud heroes
(73:39 / Allies) GREAT_GAMELORD: if he doesnt get lich ulti
(73:41 / Allies) GREAT_GAMELORD: would ebnice
(73:46 / Allies) fineX: thankfully he hasnt figured out starfall
(73:49 / Allies) GREAT_GAMELORD: only 1300 left there
(73:51 / Allies) KeKeZergRush: nm
(73:58 / Allies) fineX: it only had 2600 to start
(74:05 / Allies) KeKeZergRush: green just tped
(74:15 / Allies) fineX: he has am 6 doesnt he
(74:23 / All) GREAT_GAMELORD: so what are you guys gonna use the gold on
(74:43 / Allies) GREAT_GAMELORD: u got a zep??
(74:52 / Allies) KeKeZergRush: it was killed
(74:54 / Allies) KeKeZergRush: by them
(74:57 / Allies) GREAT_GAMELORD: k i buy its ok
(75:08 / Allies) GREAT_GAMELORD: its ok
(75:10 / Allies) GREAT_GAMELORD: abandon if u gotta
(75:11 / Allies) fineX: its only 230
(75:28 / Allies) KeKeZergRush: staff bm away
(76:17 / Allies) GREAT_GAMELORD: make gryph duudeeee
(76:40 / Allies) GREAT_GAMELORD: rax there
(76:41 / Allies) fineX: im going 80
(76:41 / Allies) GREAT_GAMELORD: quik
(76:46 / Allies) GREAT_GAMELORD: damn son
(76:49 / Allies) GREAT_GAMELORD: dont make us lose
(77:01 / Allies) fineX: i got no wood lol
(77:06 / Allies) GREAT_GAMELORD: they wasted all tanks at least
(77:37 / Allies) GREAT_GAMELORD: u will have to zep a peasant off and buy shredder and mill
(77:38 / Allies) GREAT_GAMELORD: i think
(77:54 / Allies) GREAT_GAMELORD: do it before u need the wood
(77:56 / Allies) GREAT_GAMELORD: or u wont have it
(78:50 / Allies) GREAT_GAMELORD: hmm where zep they used
(78:52 / Allies) GREAT_GAMELORD: it die or no
(78:56 / Allies) fineX: no
(79:29 / Allies) GREAT_GAMELORD: hey faggot
(79:35 / Allies) GREAT_GAMELORD: go zep a mill and shredder or something
(79:37 / Allies) GREAT_GAMELORD: or u have no wood
(79:37 / Allies) GREAT_GAMELORD: wtf
(79:47 / Allies) KeKeZergRush: one man army
(79:51 / Allies) GREAT_GAMELORD: need fsater
(79:53 / Allies) GREAT_GAMELORD: get shredder
(79:54 / Allies) GREAT_GAMELORD: lmao
(79:55 / Allies) fineX: i m
(81:20 / Allies) fineX: they stuck lol
(81:30 / Allies) KeKeZergRush: am and bm
(81:31 / Allies) fineX: think i can kill dk/lich
(81:40 / Allies) GREAT_GAMELORD: buy tp
(81:43 / Allies) GREAT_GAMELORD: use early
(82:21 / Allies) fineX: theyre off
(82:40 / Allies) KeKeZergRush: here now
(83:02 / Allies) GREAT_GAMELORD: wtf
(83:03 / Allies) fineX: kill teh zep
(83:04 / Allies) fineX: if it gets near
(83:05 / Allies) GREAT_GAMELORD: why u stop
(83:16 / Allies) GREAT_GAMELORD: cant fight them all
(83:28 / Allies) KeKeZergRush: wanted to push over
(83:52 / Allies) fineX: im healing gryphs
(83:53 / Allies) fineX: b
(84:01 / Allies) GREAT_GAMELORD: at fount
(84:08 / Allies) fineX: ya
(84:47 / Allies) fineX: coming
(84:52 / Allies) fineX: we can end this
(84:58 / Allies) GREAT_GAMELORD: yea
(85:03 / Allies) GREAT_GAMELORD: paladin hurt just gotta use up da
(85:13 / All) GREAT_GAMELORD: u guys new players
(85:17 / All) fineX: leave shitnoobs
(85:24 / All) The_Doctor_: why?
(85:27 / All) fineX: u lose.
(85:28 / Allies) KeKeZergRush: just blue and red heroes here
(85:32 / All) The_Doctor_: :(
(85:32 / Allies) fineX: once bm healed
(85:33 / Allies) fineX: we go
(85:34 / Allies) GREAT_GAMELORD: ne heros dead
(85:39 / Allies) fineX: yeah i killed
(85:42 / Allies) KeKeZergRush: ne heroes dead
(85:45 / Allies) KeKeZergRush: nm green abck
(85:46 / Allies) KeKeZergRush: with tanks
(85:50 / Allies) GREAT_GAMELORD: lol more tanks wtf
(85:54 / Allies) GREAT_GAMELORD: worst unit
(85:55 / Allies) fineX: lmao
(86:02 / Allies) GREAT_GAMELORD: sec i need mana
(86:07 / Allies) fineX: come to me
(86:14 / Allies) GREAT_GAMELORD: healed
(86:39 / Allies) fineX: he mass tp to eg
(86:45 / Allies) KeKeZergRush: haha
(86:54 / Allies) fineX: ok
(86:56 / Allies) fineX: lets do it!!!
(86:57 / Allies) GREAT_GAMELORD: its hard
(87:06 / Allies) GREAT_GAMELORD: should wait for them to fuck up again
(88:10 / Allies) GREAT_GAMELORD: dont forget gryohs
(88:13 / Allies) GREAT_GAMELORD: and wait up
(88:19 / Allies) GREAT_GAMELORD: dont
(88:20 / Allies) GREAT_GAMELORD: fgight yet
(88:26 / Allies) GREAT_GAMELORD: now ait
(88:27 / Allies) GREAT_GAMELORD: wait
(88:29 / Allies) GREAT_GAMELORD: till paladin cant da
(88:46 / Allies) GREAT_GAMELORD: grtyph now
(88:47 / Allies) GREAT_GAMELORD: kill pal
(89:05 / Allies) GREAT_GAMELORD: pallll
(89:48 / All) fineX: leave shitnoobs
(89:54 / All) The_Doctor_: ya im gonna call it
(89:57 / All) The_Doctor_: not good game
(90:01 / All) The_Doctor_: but you guys are ags
(90:04 / All) The_Doctor_: fags
(90:04 / All) fineX: was over 2 hours ago
(90:06 / All) fineX: why didnt u leave
(90:09 / All) The_Doctor_: gg
(90:09 / All) GREAT_GAMELORD: well play more and u might improve
(90:11 / All) The_Doctor_: :)